 Dungeon Crawl Stone Soup version 0.17-a0-913-g36eb389 (webtiles) character file.

418 hornqvist the Shield-Bearer (level 7, 0/52 HPs)
             Began as a Formicid Fighter on May 3, 2015.
             Slain by Grinder (4 damage)
             ... on level 4 of the Dungeon.
             The game lasted 00:03:19 (2812 turns).

hornqvist the Shield-Bearer (Formicid Fighter)      Turns: 2812, Time: 00:03:20

Health: 0/52       AC: 11    Str: 23    XL:     7   Next: 16%
Magic:  7/7        EV:  9    Int: 10    God:
Gold:   176        SH: 10    Dex: 10    Spells: 0 memorised, 6 levels left

rFire  . . .     SeeInvis +     a - +1 war axe
rCold  . . .     Clarity  .     b - +0 scale mail
rNeg   . . .     SustAb   .     c - +0 shield
rPois  .         Gourm    .     (helmet unavailable)
rElec  .         Spirit   .     t - +2 cloak
rCorr  .         Warding  .     u - +0 pair of gloves
rMut   .         Stasis   +     (no boots)
MR     .....                    (no amulet)
Stlth  ..........               (no ring)
                                s - +3 ring of intelligence

@: not resistant to hostile enchantments, extremely unstealthy
A: permanent stasis, dig shafts and tunnels, four strong arms, antennae 3
a: Dig, Shaft Self


You were on level 4 of the Dungeon.
You were not hungry.

You visited 1 branch of the dungeon, and saw 4 of its levels.

You collected 176 gold pieces.

Inventory:

Hand weapons
 a - a +1 war axe (weapon)
Armour
 b - a +0 scale mail (worn)
 c - a +0 shield (worn)
 t - a +2 cloak (worn)
 u - a +0 pair of gloves (worn)
Jewellery
 s - a +3 ring of intelligence (left hand)
Magical devices
 v - a wand of paralysis (10)
 x - a wand of heal wounds (5)
Scrolls
 k - a scroll of recharging
 l - a scroll of enchant weapon
 q - 4 scrolls of identify
Potions
 d - a potion of might
 f - 5 potions of curing {unknown}
 g - 2 potions of resistance {unknown}
 h - 2 potions of agility {unknown}
 i - a potion of heal wounds {unknown}
 j - 2 potions of lignification {unknown}
 m - a potion of berserk rage {unknown}
 p - a potion of flight
Comestibles
 e - a bread ration
 o - a beef jerky
 r - a meat ration
 w - 4 chunks of flesh


   Skills:
 - Level 3.2 Fighting
 * Level 5.3 Axes
 - Level 3.2 Armour
 + Level 2.9 Dodging
 + Level 5.3 Shields


You had 6 spell levels left.
You didn't know any spells.

Dungeon Overview and Level Annotations

Branches:
Dungeon (4/15)
 Temple: D:4-7

Altars:
Dithmenos
Ru
The Shining One

Annotations:
D:4 Grinder


Innate Abilities, Weirdness & Mutations

You are under a permanent stasis effect.
You can dig through walls and to a lower floor.
Your four strong arms can wield two-handed weapons with a shield.
You have a pair of large antennae on your head (SInv).


Message History

You are too injured to fight recklessly!
You are too injured to fight recklessly!
You are too injured to fight recklessly!
You are too injured to fight recklessly!
You are too injured to fight recklessly!
You are too injured to fight recklessly!
You are too injured to fight recklessly!
You are too injured to fight recklessly!
You are too injured to fight recklessly!
You are too injured to fight recklessly!
You are too injured to fight recklessly!
You are too injured to fight recklessly!
You are too injured to fight recklessly!
Your shield and scale mail prevent you from hitting Grinder.
You block Grinder's attack.
You slash Grinder! You block Grinder's attack.
You slash Grinder! Grinder hits you!
* * * LOW HITPOINT WARNING * * *
You writhe in agony.
You die...

.. #.# . . #.# #[# ....#
#####.#######.# ....#
#.............##....#
.......%...).†.......#
#.###.#.###...#.#..#
.##.....#.# #.#......###
........#.# #...........
...#.......###..@#.#..###
#............#..5........
#.#.####...####..#.#..#.
#.#..# #...# #..#....#
#.##.###...# #..#...##
...........####..#...##.
.......................>#
#.##.###........<#. .
..##..##(.########


You could see Grinder.

Vanquished Creatures
  Sigmund (D:2)
  An ogre (D:4)
  An orc wizard (D:3)
  4 gnolls (D:4)
  4 adders
  2 orcs (D:3)
  A bat skeleton (D:4)
  3 giant cockroaches
  13 goblins
  13 hobgoblins
  7 jackals
  13 kobolds
  A quokka (D:4)
  6 bats
  A giant gecko (D:4)
  7 giant newts
  11 rats
89 creatures vanquished.

Notes
Turn   | Place    | Note
--------------------------------------------------------------
     0 | D:1      | hornqvist, the Formicid Fighter, began the quest for the Orb.
     0 | D:1      | Reached XP level 1. HP: 18/18 MP: 1/1
   174 | D:1      | Reached XP level 2. HP: 24/24 MP: 2/2
   543 | D:2      | Reached skill level 1 in Dodging
   561 | D:2      | Reached skill level 4 in Shields
   562 | D:2      | Reached XP level 3. HP: 12/29 MP: 3/3
  1173 | D:2      | Reached XP level 4. HP: 31/35 MP: 4/4
  1345 | D:2      | Noticed Sigmund
  1365 | D:2      | Killed Sigmund
  1365 | D:2      | Reached skill level 5 in Shields
  1365 | D:2      | Reached XP level 5. HP: 3/41 MP: 5/5
  1365 | D:2      | Reached XP level 6. HP: 3/47 MP: 6/6
  1878 | D:3      | Found a shadowy altar of Dithmenos.
  2147 | D:3      | Found a sacrificial altar of Ru.
  2254 | D:3      | Found a glowing golden altar of the Shining One.
  2672 | D:4      | Reached skill level 5 in Axes
  2689 | D:4      | Reached XP level 7. HP: 14/52 MP: 4/7
  2787 | D:4      | Noticed Grinder
  2812 | D:4      | Slain by Grinder

Action                   |  1- 3 |  4- 6 |  7- 9 || total
-------------------------+-------+-------+-------++-------
Melee: War axe           |   116 |   175 |    16 ||   307
  Use: Scroll            |     4 |     5 |       ||     9
 Stab: Paralysed         |       |     1 |       ||     1
  Eat: Chunk             |     1 |     5 |     1 ||     7
